 Dungeon Sprint DCSS version 0.26-a0-1213-gd52f5182fe (webtiles) character file.

Game seed: 4382423000009858199

8295 sahdkjhfkaj the Brawler (level 11, -3/133 HPs)
             Began as a Troll Monk on Dec 30, 2020.
             Was the Champion of Ru.
             Killed from afar by a bog body (48 damage)
             ... with a bolt of cold
             ... in the Dungeon (Sprint VII: "The Pits").
             The game lasted 00:04:50 (1663 turns).

sahdkjhfkaj the Brawler (Troll Monk)                Turns: 1663, Time: 00:04:51

Health: -3/133     AC:  7    Str: 24    XL:     11   Next: 8%
Magic:  13/13      EV: 10    Int:  6    God:    Ru [******]
Gold:   0          SH:  0    Dex: 12    Spells: 10/10 levels left

rFire    x . .     SeeInvis .     - Unarmed
rCold    x . .     Faith    .   (shield unavailable)
rNeg     . . .     Spirit   .   a - +0 robe
rPois    .         Reflect  .   (helmet restricted)
rElec    .         Harm     .   p - +0 cloak
rCorr    .         Rampage  .   (gloves unavailable)
Will     .....     NoTele   +   (boots unavailable)
Stlth    ++........             (no amulet)
HPRegen  0.72/turn              (ring unavailable)
MPRegen  0.13/turn              (no ring)

@: horrified
A: large, unfitting armour, claws 3, regeneration 1, shaggy fur 1, tough skin 3,
missing a hand, cowardly, temperature sensitive
a: Renounce Religion, Draw Out Power, Power Leap, Apocalypse


You were in the Dungeon.
You worshipped Ru.
Ru was exalted by your worship.
You visited 1 branch

Inventory:

Armour
 a - a +0 robe (worn)
 p - a +0 cloak (worn)
Jewellery
 l - a +3 ring of strength
 m - a +3 ring of dexterity
Scrolls
 i - 3 scrolls of remove curse
 j - 5 scrolls of amnesia
 k - a scroll of summoning {!r}
Potions
 b - 8 potions of curing
 c - 7 potions of heal wounds
 e - 4 potions of magic
 f - 3 potions of berserk rage
 h - 2 potions of invisibility
 n - 4 potions of mutation
 o - a potion of might


   Skills:
 + Level 15.4 Fighting
 - Level 2.4 Dodging
 - Level 1.0 Stealth
 + Level 17.8 Unarmed Combat
 - Level 5.0 Invocations


You had 10 spell levels left.
You didn't know any spells.
Your spell library was empty.

Dungeon Overview and Level Annotations

Branches:
Dungeon (1/1)

Altars:
Ashenzari
Cheibriados
Dithmenos
Elyvilon
Fedhas
Gozag
Hepliaklqana
Kikubaaqudgha
Makhleb
Nemelex Xobeh
Okawaru
Qazlal
Ru
Sif Muna
Trog
Uskayaw
Vehumet
Wu Jian
Xom
Yredelemnul
Zin
The Shining One
Beogh
Jiyva
Lugonu


Innate Abilities, Weirdness & Mutations

You are too large for most types of armour.
You have claws for hands.
Your natural rate of healing is unusually fast.
You are covered in fur. (AC +1)
You have extremely tough skin. (AC +3)
You are missing a hand.
Your cowardice makes you less effective in combat with threatening monsters.
You are sensitive to extremes of temperature. (rF-, rC-)


Message History

The helpless guardian mummy fails to defend itself.
You mangle the guardian mummy!!
You destroy the guardian mummy!
You feel extremely nervous for a moment...
Pain shoots through your body!
* * * LOW HITPOINT WARNING * * *
You feel a twist of horror at the sight of this foe.
A bog body is nearby!
A bog body is nearby!
A bog body is nearby!
A bog body is nearby!
The bog body casts a spell at you. The bolt of cold hits you!!
You feel a terrible chill!
You mangle the bog body!!
The bog body is severely damaged.
The bog body gestures at you while chanting.
The bolt of cold hits you!!!
You feel a terrible chill!
You die...

############### #######
............... _____.#
............... _____.# #''#
___...###########''######
#####'##................#
')))'.##......#..#......#
#####.##........@.......+
.......)........n.......+
##'#####......#..#......#
#...'.##................#
#...#.#####'#####''######
#####.##....)..##('##############
'...#.##.......##..........#.....
'...†.##.......##..........'.....
########...<...##.)#####...#####'


You could see a bog body.

Vanquished Creatures
  Erica (D)
  A centaur warrior (D)
  2 bog bodies (D)
  An orc knight (D)
  A manticore (D)
  A black mamba (D)
  A gargoyle (D)
  An orange demon (D)
  A komodo dragon (D)
  A freezing wraith (D)
  2 demonic crawlers (D)
  A guardian mummy (D)
  A red devil (D)
  A polar bear (D)
  A wind drake (D)
  A wraith (D)
  A ynoxinul (D)
  A fire bat (D)
  4 wargs (D)
  2 sky beasts (D)
  A swamp drake (D)
  2 orc warriors (D)
  A phantom (D)
  A necrophage (D)
  A small abomination (D)
  2 wolves (D)
  A centaur (D)
  4 killer bees (D)
  10 wights (D)
  A crimson imp (D)
  A gnoll shaman (D)
  3 orc priests (D)
  4 orc wizards (D)
  An iguana (D)
  2 gnolls (D)
  2 river rats (D)
  An ufetubus (D)
  An ooze (D)
  3 orcs (D)
  2 giant cockroaches (D)
  8 jackals (D)
  A quokka (D)
  A bat (D)
80 creatures vanquished.

Vanquished Creatures (others)
  A goblin (D)
1 creature vanquished.

Grand Total: 81 creatures vanquished

Notes
Turn   | Place    | Note
-------+----------+-------------------------------------------
     0 | D        | sahdkjhfkaj the Troll Monk began the quest for the Orb.
     0 | D        | Reached XP level 1. HP: 22/22 MP: 0/0
    41 | D        | Found a bloodstained altar of Trog.
    41 | D        | Found a shimmering blue altar of Sif Muna.
    41 | D        | Found a viscous altar of Jiyva.
    41 | D        | Found a hazy altar of Hepliaklqana.
    41 | D        | Found an opulent altar of Gozag.
    42 | D        | Found a glowing golden altar of the Shining One.
    42 | D        | Found a glowing silver altar of Zin.
    42 | D        | Found a basalt altar of Yredelemnul.
    42 | D        | Found a shimmering altar of Xom.
    42 | D        | Found an ornate altar of the Wu Jian Council.
    42 | D        | Found a sacrificial altar of Ru.
    42 | D        | Found a stormy altar of Qazlal.
    42 | D        | Found an iron altar of Okawaru.
    42 | D        | Found a sparkling altar of Nemelex Xobeh.
    42 | D        | Found a burning altar of Makhleb.
    42 | D        | Found a blossoming altar of Fedhas.
    42 | D        | Found a white marble altar of Elyvilon.
    42 | D        | Found a shadowy altar of Dithmenos.
    42 | D        | Found a snail-covered altar of Cheibriados.
    43 | D        | Found a radiant altar of Vehumet.
    43 | D        | Found a corrupted altar of Lugonu.
    43 | D        | Found a roughly hewn altar of Beogh.
    44 | D        | Found a hide-covered altar of Uskayaw.
    44 | D        | Found an ancient bone altar of Kikubaaqudgha.
    44 | D        | Found a broken altar of Ashenzari.
    47 | D        | Became a worshipper of Ru the Awakened
    75 | D        | Gained mutation: You are sensitive to extremes of
                  | temperature. (rF-, rC-) [Ru sacrifice]
    75 | D        | Reached * piety under Ru
    75 | D        | Reached ** piety under Ru
    87 | D        | Reached skill level 4 in Unarmed Combat
    90 | D        | Reached XP level 2. HP: 30/31 MP: 1/1
   127 | D        | Reached skill level 5 in Unarmed Combat
   141 | D        | Reached XP level 3. HP: 40/40 MP: 2/2
   154 | D        | Gained mutation: Your cowardice makes you less effective in
                  | combat with threatening monsters. [Ru sacrifice]
   154 | D        | Reached *** piety under Ru
   154 | D        | Reached **** piety under Ru
   194 | D        | Noticed a warg
   194 | D        | Noticed a wolf
   196 | D        | Noticed a sky beast
   217 | D        | Killed a warg
   218 | D        | Reached skill level 8 in Unarmed Combat
   218 | D        | Reached XP level 4. HP: 25/53 MP: 3/3
   218 | D        | Reached XP level 5. HP: 29/61 MP: 4/4
   220 | D        | Killed a wolf
   235 | D        | Killed a sky beast
   236 | D        | Reached skill level 9 in Unarmed Combat
   236 | D        | Reached XP level 6. HP: 24/72 MP: 5/5
   334 | D        | Noticed a fire bat
   340 | D        | Reached skill level 10 in Unarmed Combat
   344 | D        | Killed a fire bat
   345 | D        | Reached skill level 11 in Unarmed Combat
   345 | D        | Reached XP level 7. HP: 70/83 MP: 6/6
   389 | D        | Reached skill level 10 in Fighting
   394 | D        | Reached skill level 12 in Unarmed Combat
   528 | D        | Gained mutation: You are missing a hand. [Ru sacrifice]
   528 | D        | Reached ***** piety under Ru
   528 | D        | Reached ****** piety under Ru
   571 | D        | Noticed a red devil
   571 | D        | Noticed a demonic crawler
   578 | D        | Killed a demonic crawler
   584 | D        | Killed a red devil
   585 | D        | Reached XP level 8. HP: 75/97 MP: 7/7
   706 | D        | Noticed a bog body
   706 | D        | Noticed an orange demon
   717 | D        | Killed a bog body
   718 | D        | Reached skill level 5 in Invocations
   718 | D        | Reached skill level 13 in Unarmed Combat
   724 | D        | Killed an orange demon
   725 | D        | Reached XP level 9. HP: 38/106 MP: 7/11
   927 | D        | Noticed a komodo dragon
   935 | D        | Killed a komodo dragon
   936 | D        | Reached skill level 14 in Unarmed Combat
   943 | D        | Noticed a gargoyle
  1042 | D        | Noticed a black mamba
  1052 | D        | Killed a black mamba
  1060 | D        | Reached skill level 15 in Unarmed Combat
  1174 | D        | Noticed a bog body
  1177 | D        | Noticed a polar bear
  1178 | D        | Killed a bog body
  1178 | D        | Noticed a centaur warrior
  1179 | D        | Reached XP level 10. HP: 60/119 MP: 3/12
  1185 | D        | Killed a centaur warrior
  1186 | D        | Reached skill level 16 in Unarmed Combat
  1363 | D        | Noticed Erica
  1370 | D        | Killed Erica
  1375 | D        | Killed a gargoyle
  1475 | D        | Noticed an orc knight
  1485 | D        | Killed an orc knight
  1486 | D        | Reached skill level 17 in Unarmed Combat
  1490 | D        | Reached skill level 15 in Fighting
  1495 | D        | Noticed a bog body
  1515 | D        | Noticed a manticore
  1536 | D        | Killed a manticore
  1537 | D        | Reached XP level 11. HP: 43/132 MP: 9/13
  1663 | D        | Killed from afar by a bog body

Illustrated notes

Levels and vault maps discovered:
D:        pitsprint [storerooms_1, entrance_room_1, metal_vault_8, armoury_2,
          mini_pit_1, grid_room_1, main_hall_1, silver_pit, the_coven_1,
          the_vestibule_1, steel_vault_1, golden_pit, hallway_of_sentries,
          crystal_vault_5, iron_vault_2, final_vault]

Skill      XL: |  1  2  3  4  5  6  7  8  9 10 |
---------------+-------------------------------+-----
Fighting       | 3 4 6 8 9 11 13 15 | 15.4
Unarmed Combat | 4 5 8 9 11 12 13 15 17 | 17.8
Invocations    | 5 |  5.0
Dodging        | |  2.4
Stealth        | |  1.0

Action                   |  1- 3 |  4- 6 |  7- 9 | 10-12 || total
-------------------------+-------+-------+-------+-------++-------
Melee: Unarmed           |    69 |    25 |    61 |    70 ||   225
       Punch             |     1 |     2 |       |       ||     3
Invok: Sacrifice Resista |     1 |       |       |       ||     1
       Sacrifice Courage |     1 |       |       |       ||     1
       Sacrifice a Hand  |       |       |     1 |       ||     1
       Apocalypse        |       |       |     3 |     1 ||     4
  Use: Potion            |     1 |       |     3 |     2 ||     6
       Scroll            |       |       |       |     1 ||     1
 Stab: Distracted        |     1 |       |       |     1 ||     2
       Sleeping          |       |       |     2 |       ||     2
       Paralysed         |       |       |     2 |     3 ||     5
       Invisible         |       |       |       |     1 ||     1
Armor: Robe              |    32 |     7 |    10 |    18 ||    67
Dodge: Dodged            |    40 |     6 |    32 |    36 ||   114

Table legend: (Time is in decaauts)
 A = Elapsed time spent in this place.
 B = Non-inter-level travel time spent in this place.
 C = Inter-level travel time spent in this place.
 D = Time resting spent in this place.
 E = Time spent auto-exploring this place.
 F = Levels seen in this place.
 G = Mean time per level.
                   A        B        C        D        E       F      G
               +--------+--------+--------+--------+--------+-----+--------+
         Total |   1601 |   1450 |    151 |    601 |    278 |   1 | 1601.0 |
       Dungeon |   1601 |   1450 |    151 |    601 |    278 |   1 | 1601.0 |
               +--------+--------+--------+--------+--------+-----+--------+

Top non-repeatable levels by time:
       D: 1601 daAuts
